 Dungeon Crawl Stone Soup version 0.20.0-15-g7f486f2 (webtiles) character file.

1180 KleinerIrrer the Protected (level 8, -3/59 HPs)
             Began as a Formicid Fighter on June 30, 2017.
             Was a Priest of Cheibriados.
             Slain by Blork the orc
             ... wielding a +0 war axe
              (5 damage)
             ... on level 5 of the Dungeon.
             The game lasted 00:10:32 (4550 turns).

KleinerIrrer the Protected (Formicid Fighter)       Turns: 4550, Time: 00:10:33

Health: -3/59      AC: 14    Str: 34    XL:     8   Next: 69%
Magic:  0/8        EV:  6    Int: 16    God:    Cheibriados [***...]
Gold:   278        SH: 12    Dex: 17    Spells: 7/7 levels left

rFire    . . .     SeeInvis +   a - +0 war axe
rCold    . . .     Gourm    .   c - +1 shield
rNeg     . . .     Faith    .   j - +0 plate armour
rPois    .         Spirit   +   (helmet unavailable)
rElec    .         Reflect  .   (no cloak)
rCorr    .         Harm     .   (no gloves)
MR       .....                  (no boots)
Stlth    ..........             o - amulet of guardian spirit
Regen    0.2/turn               (no ring)
MPRegen  0.2/turn               (no ring)

@: mighty, very slightly contaminated, invisible, very slow
A: permanent stasis, dig shafts and tunnels, four strong arms, antennae 3
a: Dig, Shaft Self, Bend Time, Temporal Distortion, Renounce Religion


You were on level 5 of the Dungeon.
You worshipped Cheibriados.
Cheibriados was most pleased with you.
You were not hungry.

You visited 2 branches of the dungeon, and saw 6 of its levels.
You also visited: Ossuary.

You collected 278 gold pieces.

Inventory:

Hand Weapons
 a - a +0 war axe (weapon)
Armour
 c - a +1 shield (worn)
 j - a +0 plate armour (worn)
Jewellery
 l - an uncursed amulet of the gourmand
 o - an amulet of guardian spirit (around neck)
Scrolls
 e - 2 scrolls of enchant weapon {unknown}
 k - a scroll of remove curse
 m - a scroll of amnesia
 p - a scroll of recharging {unknown}
Potions
 b - 2 potions of resistance
 d - 2 potions of might
 h - 2 potions of cancellation
 n - a potion of flight {unknown}
 q - a potion of brilliance
 r - 3 potions of curing
 s - a potion of berserk rage
 t - a potion of heal wounds {unknown}
 z - a potion of lignification {unknown}
Comestibles
 f - 2 bread rations
 g - a royal jelly
 v - 4 fruits


   Skills:
 - Level 3.6 Fighting
 - Level 2.1 Axes
 + Level 10.8 Armour
 - Level 4.0 Shields


You had 7 spell levels left.
You didn't know any spells.

Dungeon Overview and Level Annotations

Branches:
Dungeon (5/15)             Temple (1/1) D:4

Altars:
Ashenzari
Cheibriados
Elyvilon
Fedhas
Gozag
Hepliaklqana
Kikubaaqudgha
Makhleb
Nemelex Xobeh
Okawaru
Qazlal
Ru
Trog
Uskayaw
Vehumet
Xom
Zin

Annotations:
D:5 Blork the orc


Innate Abilities, Weirdness & Mutations

You cannot be hasted, slowed, berserked, paralysed or teleported.
You can dig through walls and to a lower floor.
Your four strong arms can wield two-handed weapons with a shield.
You have a pair of large antennae on your head. (SInv)


Message History

Blork the orc points at you and mumbles some strange words.
The puff of frost hits you! The ogre hits you with a giant club!
You feel very mighty all of a sudden. Blork the orc hits you with a war axe.
* * * LOW HITPOINT WARNING * * *
You fade into invisibility!
Blork the orc gestures at you while chanting.
The puff of frost hits you!
* * * LOW HITPOINT WARNING * * *
You are very lightly contaminated with residual magic.
Blork the orc hits you but does no damage.
You closely miss Blork the orc.
Blork the orc is moderately wounded.
Blork the orc gestures at you while chanting.
The puff of flame hits you!
* * * LOW HITPOINT WARNING * * *
You slash Blork the orc!
Blork the orc is almost dead.
Blork the orc hits you with a war axe.
You die...

**************
********************,,,,,,,,,,,,,
,,,,,,,,,,,,,,,,,,,,,************
*************########* *
#..@oO.#######* * #.####..>.....*
**** ###.# ##.......***,,,
###...# *......#**,,** ##...###
*......#_,,*** #
###..###******......#**,,** #
####...##**,,,,,,.......***,,, #
#....### *,,*****.).....* **** #
##.### *,** *#######***,,*


You could see Blork the orc (invisible) and an ogre.

Vanquished Creatures
  An ogre (D:5)
  5 elf zombies (Ossuary)
  2 scorpions (D:4)
  A howler monkey (D:5)
  5 centaur zombies (Ossuary)
  2 hounds
  3 orc priests
  2 bullfrog skeletons
  2 human zombies (Ossuary)
  An orc wizard (D:4)
  3 mummies (Ossuary)
  3 adders (D:3)
  2 oozes
  An adder zombie (D:5)
  An adder skeleton (D:4)
  A worm (D:3)
  2 dart slugs
  5 leopard geckos
  10 orcs
  7 giant cockroaches
  7 goblins
  5 hobgoblins
  7 jackals
  2 ball pythons
  6 bats
  9 frilled lizards
  6 kobolds
  8 rats
109 creatures vanquished.

Notes
Turn   | Place    | Note
-------+----------+-------------------------------------------
     0 | D:1      | KleinerIrrer the Formicid Fighter began the quest for the Orb.
     0 | D:1      | Reached XP level 1. HP: 18/18 MP: 1/1
   121 | D:2      | Reached XP level 2. HP: 24/24 MP: 2/2
   449 | D:3      | Reached XP level 3. HP: 29/29 MP: 3/3
   615 | D:4      | Reached skill level 4 in Armour
   615 | D:4      | Reached XP level 4. HP: 36/36 MP: 4/4
   846 | D:4      | Reached skill level 5 in Armour
  1016 | D:4      | Reached XP level 5. HP: 25/41 MP: 5/5
  1333 | D:4      | Reached skill level 6 in Armour
  1398 | D:4      | Found a staircase to the Ecumenical Temple.
  1403 | Temple   | Entered the Ecumenical Temple
  1435 | Temple   | Became a worshipper of Cheibriados the Contemplative
  1477 | D:4      | Reached XP level 6. HP: 32/47 MP: 6/6
  1845 | D:3      | Reached skill level 7 in Armour
  1853 | D:3      | Reached * piety under Cheibriados
  1920 | D:3      | Found a shimmering altar of Xom.
  2465 | D:2      | Found an ancient bone altar of Kikubaaqudgha.
  2521 | D:2      | Reached ** piety under Cheibriados
  2663 | D:2      | Found a sparkling altar of Nemelex Xobeh.
  2782 | D:2      | Found a sacrificial altar of Ru.
  3520 | D:4      | Reached XP level 7. HP: 49/52 MP: 7/7
  3713 | D:5      | Entered Level 5 of the Dungeon
  3760 | D:5      | Reached skill level 8 in Armour
  3927 | D:5      | Found a sand-covered staircase.
  3932 | Ossuary  | Entered an ossuary
  3964 | Ossuary  | Reached skill level 9 in Armour
  4138 | Ossuary  | Reached XP level 8. HP: 59/59 MP: 8/8
  4203 | Ossuary  | Reached skill level 10 in Armour
  4249 | Ossuary  | Reached *** piety under Cheibriados
  4536 | D:5      | Noticed Blork the orc
  4549 | D:5      | HP: 2/59 [Blork the orc/puff of flame (3)]
  4550 | D:5      | Slain by Blork the orc

Skill      XL: |  1  2  3  4  5  6  7  8 |
---------------+-------------------------+-----
Shields        | 4 |  4.0
Armour         | 4 5 6 7 9 10 | 10.8
Fighting       | |  3.6
Axes           | |  2.1

Action                   |  1- 3 |  4- 6 |  7- 9 || total
-------------------------+-------+-------+-------++-------
Melee: War axe           |    63 |   237 |   208 ||   508
  Use: Potion            |       |     2 |     2 ||     4
       Scroll            |       |       |    13 ||    13
  Eat: Chunk             |       |     6 |     2 ||     8
Armor: Scale mail        |    12 |       |       ||    12
       Plate armour      |    24 |   154 |   106 ||   284
Dodge: Dodged            |    16 |    52 |    32 ||   100
Block: Shield            |    37 |   145 |   104 ||   286
